| TOP OF THE 1ST |
|
Los Angeles (NYP) Angels batting - Pitching for Everett AquaSox : RHP Adam Fair
|
|
Pitching: RHP Adam Fair
|
|
|
Batting: RHB Randy Grewe
|
0-0: Ground out 6-3 (Groundball, 6, EV 79.4 MPH)
|
|
Batting: RHB Steve Hasson
|
0-0: Swinging Strike 0-1: SINGLE (Line Drive, 6D, EV 98.8 MPH)
|
|
Batting: SHB Conor Davies
|
0-0: Called Strike 0-1: Ball 1-1: Ball 2-1: Ball 3-1: Swinging Strike 3-2: Base on Balls Steve Hasson to second
|
|
Batting: RHB John Beddow
|
0-0: Ball 1-0: DOUBLE (Line Drive, 9LM, EV 113.1 MPH) Steve Hasson scores Conor Davies to third
|
|
Batting: RHB Tsega Haida
|
0-0: Ball 1-0: Ball 2-0: Ball 3-0: Base on Balls
|
|
Batting: RHB Jason Habeck
|
0-0: Ball 1-0: Called Strike 1-1: Fielders Choice at 2nd, 6-4 (Groundball, 6, EV 93.1 MPH) Conor Davies scores John Beddow to third
|
|
Batting: RHB Steve Hughey
|
0-0: DOUBLE (Line Drive, 89XD, EV 101.9 MPH) John Beddow scores Jason Habeck to third Runner from 3rd tries for Home, SAFE, throw by CF to trailing runner, SAFE at third!
|
|
Batting: RHB David Kunze
|
0-0: Called Strike 0-1: Foul Ball, location: 2F 0-2: Ball 1-2: Foul Ball, location: 2F 1-2: Strikes out looking
|
| Top of the 1st over - 4 runs, 3 hits, 0 errors, 1 left on base; Los Angeles (NYP) 4 - Everett 0 |
| BOTTOM OF THE 1ST |
|
Everett AquaSox batting - Pitching for Los Angeles (NYP) Angels : RHP Cal Abbott
|
|
Pitching: RHP Cal Abbott
|
|
|
Batting: RHB Kikuo Sato
|
0-0: Ball 1-0: Foul Ball, location: 2F 1-1: Ball 2-1: Called Strike 2-2: Hit by Pitch
|
|
Batting: RHB Salvador Avina
|
0-0: Ball 1-0: Reached on error, E4 (Groundball, 4, EV 85.0 MPH) Kikuo Sato to second
|
|
Batting: RHB John Peterson
|
0-0: Ball 1-0: Foul Ball, location: 2F 1-1: Called Strike 1-2: Foul Ball, location: 2F Balk! Kikuo Sato to third Salvador Avina to second 1-2: Ball 2-2: Ball 3-2: Foul Ball, location: 2F 3-2: Strikes out swinging
|
|
Batting: LHB Jawad Fahad
|
0-0: Ball 1-0: Swinging Strike 1-1: Called Strike 1-2: Ball 2-2: Strikes out swinging
|
|
Batting: RHB Hideo Okimura
|
0-0: Swinging Strike 0-1: Swinging Strike 0-2: Ball 1-2: Ball 2-2: Ball 3-2: Strikes out looking
|
| Bottom of the 1st over - 0 runs, 0 hits, 1 error, 2 left on base; Los Angeles (NYP) 4 - Everett 0 |
| TOP OF THE 2ND |
|
Los Angeles (NYP) Angels batting - Pitching for Everett AquaSox : RHP Adam Fair
|
|
Batting: RHB Zach Robbins
|
0-0: Foul Ball, location: 2F 0-1: Ground out 4-3 (Groundball, 4, EV 82.5 MPH)
|
|
Batting: RHB Randy Grewe
|
0-0: Called Strike 0-1: Ball 1-1: Called Strike 1-2: Ball 2-2: Ball 3-2: Base on Balls
|
|
Batting: RHB Steve Hasson
|
0-0: Ball Randy Grewe steals 2nd base 1-0: Foul Ball, location: 2F 1-1: SINGLE (Line Drive, 56D, EV 98.8 MPH) Randy Grewe to third Runner from 3rd tries for Home, SAFE, throw by LF to home
|
|
Batting: SHB Conor Davies
|
0-0: Ball 1-0: SINGLE (Groundball, 4MD, EV 103.1 MPH) Steve Hasson to second Runner from 2nd tries for 3rd, SAFE, throw by CF made to third Conor Davies to second
|
|
Batting: RHB John Beddow
|
0-0: Foul Ball, location: 2F 0-1: SINGLE (Groundball, 34D, EV 105.0 MPH) Steve Hasson scores Conor Davies to third
|
|
Pitching: RHP David Sawyer
|
|
|
Batting: RHB Tsega Haida
|
0-0: Called Strike John Beddow steals 2nd, throwing error, E2 Conor Davies scores John Beddow to third 0-1: Called Strike 0-2: Ball 1-2: Ball 2-2: Foul Ball, location: 2F 2-2: Foul Ball, location: 2F 2-2: Ball 3-2: Strikes out looking
|
|
Batting: RHB Jason Habeck
|
0-0: Ball 1-0: Foul Ball, location: 2F 1-1: Ball 2-1: Foul Ball, location: 2F 2-2: 2-RUN HOME RUN (Flyball, 7D, EV 94.4 MPH), Distance : 372 ft
|
|
Batting: RHB Steve Hughey
|
0-0: Ball 1-0: Called Strike 1-1: Ball 2-1: Called Strike 2-2: Ground out 1-3 (Groundball, P, EV 68.1 MPH)
|
| Top of the 2nd over - 5 runs, 4 hits, 1 error, 0 left on base; Los Angeles (NYP) 9 - Everett 0 |
| BOTTOM OF THE 2ND |
|
Everett AquaSox batting - Pitching for Los Angeles (NYP) Angels : RHP Cal Abbott
|
|
Batting: LHB Kenny Gerrity
|
0-0: Ball 1-0: Called Strike 1-1: Foul Ball, location: 2F 1-2: Strikes out swinging
|
|
Batting: SHB Raghnall Ahearne
|
0-0: Called Strike 0-1: Called Strike 0-2: Ball 1-2: Ball 2-2: Strikes out swinging
|
|
Batting: RHB Clay Statum
|
0-0: Foul Ball, location: 2F 0-1: Ball 1-1: Swinging Strike 1-2: Foul Ball, location: 2F 1-2: Ball 2-2: Strikes out swinging, 2-3 out at first.
|
| Bottom of the 2nd over - 0 runs, 0 hits, 0 errors, 0 left on base; Los Angeles (NYP) 9 - Everett 0 |
| TOP OF THE 3RD |
|
Los Angeles (NYP) Angels batting - Pitching for Everett AquaSox : RHP David Sawyer
|
|
Batting: RHB David Kunze
|
0-0: Ball 1-0: SINGLE (Groundball, 56D, EV 95.6 MPH)
|
|
Batting: RHB Zach Robbins
|
0-0: Called Strike 0-1: Ball 1-1: DOUBLE (Flyball, 78D, EV 99.4 MPH) David Kunze to third
|
|
Batting: RHB Randy Grewe
|
0-0: Called Strike 0-1: Called Strike 0-2: Ball 1-2: Ball 2-2: Strikes out swinging
|
|
Batting: RHB Steve Hasson
|
0-0: Called Strike 0-1: Ball 1-1: Ball 2-1: Ball 3-1: Base on Balls
|
|
Batting: SHB Conor Davies
|
0-0: Swinging Strike 0-1: Fly out, F5 (Popup, 56S, EV 77.5 MPH)
|
|
Batting: RHB John Beddow
|
0-0: Ball 1-0: Ball 2-0: Foul Ball, location: 2F 2-1: Ball 3-1: Base on Balls David Kunze scores Zach Robbins to third Steve Hasson to second
|
|
Batting: RHB Tsega Haida
|
0-0: Ball 1-0: Ball 2-0: Ball 3-0: Base on Balls Zach Robbins scores Steve Hasson to third John Beddow to second
|
|
Pitching: RHP Yat-sen Zhen
|
|
|
Batting: RHB Jason Habeck
|
0-0: Called Strike 0-1: Foul Ball, location: 2F 0-2: Ball 1-2: Strikes out swinging
|
| Top of the 3rd over - 2 runs, 2 hits, 0 errors, 3 left on base; Los Angeles (NYP) 11 - Everett 0 |
| BOTTOM OF THE 3RD |
|
Everett AquaSox batting - Pitching for Los Angeles (NYP) Angels : RHP Cal Abbott
|
|
Batting: LHB Leão Alvide
|
0-0: Swinging Strike 0-1: Foul Ball, location: 2F 0-2: Strikes out swinging
|
|
Batting: RHB Kikuo Sato
|
0-0: Ball 1-0: Foul Ball, location: 2F 1-1: Ground out U3 (Groundball, 3, EV 90.6 MPH)
|
|
Batting: RHB Salvador Avina
|
0-0: Ball 1-0: Ball 2-0: Ball 3-0: Base on Balls
|
|
Batting: RHB John Peterson
|
0-0: Ball 1-0: Swinging Strike 1-1: Ball 2-1: Swinging Strike 2-2: Strikes out swinging
|
| Bottom of the 3rd over - 0 runs, 0 hits, 0 errors, 1 left on base; Los Angeles (NYP) 11 - Everett 0 |
| TOP OF THE 4TH |
|
Los Angeles (NYP) Angels batting - Pitching for Everett AquaSox : RHP Yat-sen Zhen
|
|
Batting: RHB Steve Hughey
|
0-0: Swinging Strike 0-1: Called Strike 0-2: Ball 1-2: Strikes out swinging
|
|
Batting: RHB David Kunze
|
0-0: Ball 1-0: Ball 2-0: Foul Ball, location: 2F 2-1: Ball 3-1: Base on Balls
|
|
Batting: RHB Zach Robbins
|
0-0: Called Strike 0-1: Ball 1-1: Swinging Strike 1-2: SINGLE (Groundball, 34D, EV 95.0 MPH) David Kunze to second
|
|
Batting: RHB Randy Grewe
|
0-0: Called Strike 0-1: Foul Ball, location: 2F 0-2: Ball 1-2: Strikes out swinging
|
|
Batting: RHB Steve Hasson
|
0-0: Called Strike 0-1: Ball 1-1: Ball 2-1: Called Strike 2-2: DOUBLE (Line Drive, 78D, EV 105.0 MPH) David Kunze scores Zach Robbins to third Runner from 3rd tries for Home, SAFE, throw by CF to trailing runner, SAFE at third!
|
|
Batting: SHB Conor Davies
|
0-0: Ball 1-0: 2-RUN HOME RUN (Flyball, 9D, EV 95.0 MPH), Distance : 375 ft
|
|
Pitching: LHP Umberto van der Vleuten
|
|
|
Batting: RHB John Beddow
|
0-0: Ball 1-0: Ball 2-0: Called Strike 2-1: Ground out 3-1 (Groundball, 34S, EV 80.0 MPH)
|
| Top of the 4th over - 4 runs, 3 hits, 0 errors, 0 left on base; Los Angeles (NYP) 15 - Everett 0 |
| BOTTOM OF THE 4TH |
|
Everett AquaSox batting - Pitching for Los Angeles (NYP) Angels : RHP Cal Abbott
|
|
Batting: LHB Jawad Fahad
|
0-0: Ball 1-0: Ball 2-0: Ball 3-0: Called Strike 3-1: Base on Balls
|
|
Batting: RHB Hideo Okimura
|
0-0: Called Strike Jawad Fahad steals 2nd base (no throw) 0-1: Called Strike 0-2: Strikes out swinging
|
|
Batting: LHB Kenny Gerrity
|
0-0: Foul Ball, location: 2F 0-1: Ground out 6-3 (Groundball, 6, EV 86.3 MPH)
|
|
Batting: SHB Raghnall Ahearne
|
0-0: Ball 1-0: Called Strike 1-1: Ball 2-1: SINGLE (Line Drive, 34D, EV 95.6 MPH) Jawad Fahad to third Runner from 3rd tries for Home, SAFE, throw by RF to home
|
|
Batting: RHB Clay Statum
|
0-0: Called Strike Raghnall Ahearne steals 2nd base 0-1: Ball 1-1: Foul Ball, location: 2F 1-2: Ball 2-2: SINGLE (Groundball, 25, EV 70.0 MPH) (infield hit) Raghnall Ahearne to third
|
|
Batting: LHB Leão Alvide
|
0-0: Foul Ball, location: 2F 0-1: Ground out 2-3 (Groundball, 2L, EV 68.1 MPH)
|
| Bottom of the 4th over - 1 run, 2 hits, 0 errors, 2 left on base; Los Angeles (NYP) 15 - Everett 1 |
| TOP OF THE 5TH |
|
Los Angeles (NYP) Angels batting - Pitching for Everett AquaSox : LHP Umberto van der Vleuten
|
|
Batting: RHB Tsega Haida
|
0-0: Ball 1-0: Swinging Strike 1-1: Ground out 6-3 (Groundball, 6, EV 84.4 MPH)
|
|
Batting: RHB Jason Habeck
|
0-0: Ball 1-0: Ball 2-0: Swinging Strike 2-1: SINGLE (Groundball, 25, EV 62.5 MPH) (infield hit)
|
|
Batting: RHB Steve Hughey
|
0-0: DOUBLE (Line Drive, 7D, EV 105.0 MPH) Jason Habeck to third
|
|
Batting: RHB David Kunze
|
0-0: Fly out, F8 (Flyball, 8RM, EV 84.4 MPH) Runner from 3rd tags up, SCORES, throw by CF
|
|
Batting: RHB Zach Robbins
|
0-0: Ball 1-0: Ball 2-0: Called Strike 2-1: Ball 3-1: DOUBLE (Line Drive, 7LM, EV 105.6 MPH) Steve Hughey scores
|
|
Batting: RHB Randy Grewe
|
0-0: Foul Ball, location: 2F 0-1: Ground out 6-3 (Groundball, 6, EV 101.9 MPH)
|
| Top of the 5th over - 2 runs, 3 hits, 0 errors, 1 left on base; Los Angeles (NYP) 17 - Everett 1 |
| BOTTOM OF THE 5TH |
|
Everett AquaSox batting - Pitching for Los Angeles (NYP) Angels : RHP Cal Abbott
|
|
Batting: RHB Kikuo Sato
|
0-0: Ground out 1-6-3 (Groundball, 15S, EV 108.8 MPH)
|
|
Batting: RHB Salvador Avina
|
0-0: Ball 1-0: Foul Ball, location: 2F 1-1: SINGLE (Groundball, 6MD, EV 93.8 MPH)
|
|
Batting: RHB John Peterson
|
0-0: Ball 1-0: Ball 2-0: Ball 3-0: Called Strike 3-1: Base on Balls Salvador Avina to second
|
|
Batting: LHB Jawad Fahad
|
0-0: Ball 1-0: Swinging Strike 1-1: Ball 2-1: Ground out 5-3 (Groundball, 5L, EV 110.6 MPH) Salvador Avina to third John Peterson to second
|
|
Pitching: LHP Alex Pulido
|
|
|
Batting: RHB Hideo Okimura
|
0-0: Ball 1-0: Ground out 6-3 (Groundball, 6, EV 85.0 MPH)
|
| Bottom of the 5th over - 0 runs, 1 hit, 0 errors, 2 left on base; Los Angeles (NYP) 17 - Everett 1 |
| TOP OF THE 6TH |
|
Los Angeles (NYP) Angels batting - Pitching for Everett AquaSox : LHP Umberto van der Vleuten
|
|
Batting: RHB Steve Hasson
|
0-0: Ball 1-0: Ball 2-0: Called Strike 2-1: Ball 3-1: Foul Ball, location: 2F 3-2: SINGLE (Groundball, 4MD, EV 104.4 MPH)
|
|
Batting: SHB Conor Davies
|
0-0: Called Strike 0-1: Foul Ball, location: 2F 0-2: Fly out, F3 (Popup, 23F, EV 86.9 MPH)
|
|
Batting: RHB John Beddow
|
0-0: Called Strike 0-1: Ball 1-1: Ball 2-1: Called Strike 2-2: Grounds into double play, 3-6-3 (Groundball, 34, EV 100.0 MPH)
|
| Top of the 6th over - 0 runs, 1 hit, 0 errors, 0 left on base; Los Angeles (NYP) 17 - Everett 1 |
| BOTTOM OF THE 6TH |
|
Everett AquaSox batting - Pitching for Los Angeles (NYP) Angels : LHP Alex Pulido
|
|
Batting: LHB Kenny Gerrity
|
0-0: Ball 1-0: Foul Ball, location: 2F 1-1: Foul Ball, location: 2F 1-2: Foul Ball, location: 2F 1-2: Ball 2-2: Ground out 4-3 (Groundball, 4, EV 85.0 MPH)
|
|
Batting: SHB Raghnall Ahearne
|
0-0: Called Strike 0-1: Fly out, F3 (Popup, 34, EV 66.9 MPH)
|
|
Batting: RHB Clay Statum
|
0-0: Called Strike 0-1: Ball 1-1: Ball 2-1: Foul Ball, location: 2F 2-2: Foul Ball, location: 2F 2-2: Ground out 5-3 (Groundball, 56, EV 99.4 MPH)
|
| Bottom of the 6th over - 0 runs, 0 hits, 0 errors, 0 left on base; Los Angeles (NYP) 17 - Everett 1 |
| TOP OF THE 7TH |
|
Los Angeles (NYP) Angels batting - Pitching for Everett AquaSox : LHP Umberto van der Vleuten
|
|
Pinch Hitting: RHB Mario Velazquez
|
0-0: Foul Ball, location: 2F 0-1: Foul Ball, location: 2F 0-2: Ball 1-2: Strikes out swinging
|
|
Batting: RHB Jason Habeck
|
0-0: Ball 1-0: Ground out 4-3 (Groundball, 4, EV 85.6 MPH)
|
|
Batting: RHB Steve Hughey
|
0-0: Called Strike 0-1: Swinging Strike 0-2: Ball 1-2: Foul Ball, location: 2F 1-2: Fly out, F4 (Flyball, 34D, EV 90.0 MPH)
|
| Top of the 7th over - 0 runs, 0 hits, 0 errors, 0 left on base; Los Angeles (NYP) 17 - Everett 1 |
| BOTTOM OF THE 7TH |
|
Everett AquaSox batting - Pitching for Los Angeles (NYP) Angels : LHP Alex Pulido
|
|
Now in LF: Mario Velazquez
|
|
|
Batting: LHB Leão Alvide
|
0-0: Ball 1-0: Foul Ball, location: 2F 1-1: Ball 2-1: Foul Ball, location: 2F 2-2: Ground out U3 (Groundball, 3S, EV 83.8 MPH)
|
|
Batting: RHB Kikuo Sato
|
0-0: Ground out 5-3 (Groundball, 56S, EV 81.3 MPH)
|
|
Batting: RHB Salvador Avina
|
0-0: Ball 1-0: Called Strike 1-1: Ball 2-1: Swinging Strike 2-2: Strikes out swinging
|
| Bottom of the 7th over - 0 runs, 0 hits, 0 errors, 0 left on base; Los Angeles (NYP) 17 - Everett 1 |
| TOP OF THE 8TH |
|
Los Angeles (NYP) Angels batting - Pitching for Everett AquaSox : LHP Umberto van der Vleuten
|
|
Batting: RHB David Kunze
|
0-0: Ball 1-0: Foul Ball, location: 2F 1-1: Ball 2-1: Fly out, F9 (Flyball, 9, EV 91.9 MPH)
|
|
Batting: RHB Zach Robbins
|
0-0: Called Strike 0-1: Ball 1-1: Foul Ball, location: 2F 1-2: Foul Ball, location: 2F 1-2: Ball 2-2: Ball 3-2: Foul Ball, location: 2F 3-2: Base on Balls
|
|
Pitching: RHP Josh Mauer
|
|
|
Pinch Hitting: RHB Jon Griffin
|
0-0: Ball 1-0: Fly out, F8 (Line Drive, 8RM, EV 97.5 MPH)
|
|
Batting: RHB Steve Hasson
|
0-0: Fielders Choice at 2nd, 5-4 (Groundball, 56, EV 103.1 MPH)
|
| Top of the 8th over - 0 runs, 0 hits, 0 errors, 1 left on base; Los Angeles (NYP) 17 - Everett 1 |
| BOTTOM OF THE 8TH |
|
Everett AquaSox batting - Pitching for Los Angeles (NYP) Angels : LHP Alex Pulido
|
|
Now at 1B: Jon Griffin
|
|
|
Batting: RHB John Peterson
|
0-0: Ball 1-0: Swinging Strike 1-1: Swinging Strike 1-2: Foul Ball, location: 2F 1-2: Ball 2-2: Strikes out swinging
|
|
Pitching: RHP Kevin Greene
|
|
|
Pinch Hitting: RHB Stuart Burrows
|
0-0: Foul Ball, location: 2F 0-1: Swinging Strike 0-2: Ball 1-2: Strikes out looking
|
|
Batting: RHB Hideo Okimura
|
0-0: Ball 1-0: Called Strike 1-1: SINGLE (Groundball, 56D, EV 95.6 MPH)
|
|
Pinch Hitting: LHB David Walker
|
0-0: Foul Ball, location: 2F 0-1: SINGLE (Line Drive, 34D, EV 108.1 MPH) Hideo Okimura to second
|
|
Batting: SHB Raghnall Ahearne
|
0-0: Ball 1-0: Fly out, F7 (Flyball, 7S, EV 93.8 MPH)
|
| Bottom of the 8th over - 0 runs, 2 hits, 0 errors, 2 left on base; Los Angeles (NYP) 17 - Everett 1 |
| TOP OF THE 9TH |
|
Los Angeles (NYP) Angels batting - Pitching for Everett AquaSox : RHP Josh Mauer
|
|
Now at 1B: Stuart Burrows
|
|
|
Now in LF: David Walker
|
|
|
Batting: SHB Conor Davies
|
0-0: Ball 1-0: Called Strike 1-1: Ground out 4-3 (Groundball, 4, EV 105.6 MPH)
|
|
Batting: RHB John Beddow
|
0-0: Called Strike 0-1: Foul Ball, location: 2F 0-2: Foul Ball, location: 2F 0-2: Ball 1-2: Foul Ball, location: 2F 1-2: Strikes out swinging
|
|
Batting: RHB Mario Velazquez
|
0-0: Hit by Pitch
|
|
Batting: RHB Jason Habeck
|
0-0: Called Strike 0-1: Ball 1-1: Ball 2-1: Fly out, F9 (Line Drive, 9D, EV 91.3 MPH)
|
| Top of the 9th over - 0 runs, 0 hits, 0 errors, 1 left on base; Los Angeles (NYP) 17 - Everett 1 |
| BOTTOM OF THE 9TH |
|
Everett AquaSox batting - Pitching for Los Angeles (NYP) Angels : RHP Kevin Greene
|
|
Batting: RHB Clay Statum
|
0-0: Fly out, F8 (Flyball, 78S, EV 76.9 MPH)
|
|
Batting: LHB Leão Alvide
|
0-0: Ball 1-0: Foul Ball, location: 2F 1-1: DOUBLE (Groundball, 5L, EV 101.9 MPH)
|
|
Batting: RHB Kikuo Sato
|
0-0: Called Strike 0-1: Foul Ball, location: 2F 0-2: Ground out 6-3 (Groundball, 6, EV 92.5 MPH) Leão Alvide to third
|
|
Batting: RHB Salvador Avina
|
0-0: Called Strike 0-1: Ball 1-1: Called Strike 1-2: Ground out 5-3 (Groundball, 56S, EV 88.1 MPH)
|
| Bottom of the 9th over - 0 runs, 1 hit, 0 errors, 1 left on base; Los Angeles (NYP) 17 - Everett 1 |
|